AoeStats
← Samurai

Runestones

508145021Analyzed
1v1 RM · 12d ago on Sep 21, 2026· 61m 1s· 2 players
Game mode
Random Map
Map size
Tiny (2 player)
Population
200
Speed
Normal
Resources
Standard
Victory
Conquest
Starting age
Dark Age
Ending age
Imperial Age
RankedLock teamsTeams togetherTeam positionsShared explorationLock speedFull tech treeHidden civsTurbo modeCheats
Victory
Defeat
🇦🇷 Armenians · Argentina
674
+18
🇺🇸 Britons · United States
707
-18
Samurai
3:57 Loom
11:04 Feudal Age
11:30 Double-Bit Axe
11:39 Horse Collar
15:29 Gold Mining
17:31 Bloodlines
17:50 Scale Barding Armor
17:55 Forging
18:05 Forging
23:47 Fletching
28:59 Castle Age
29:12 Stone Mining
30:04 Light Cavalry
30:48 Husbandry
34:24 Bow Saw
35:40 Fervor
35:55 Chain Barding Armor
37:02 Gold Shaft Mining
40:18 Devotion
40:39 Heresy
41:50 Wheelbarrow
43:25 Town Watch
43:56 Hand Cart
44:44 Murder Holes
45:11 Ballistics
46:41 Iron Casting
47:10 Elite Skirmisher
50:33 Imperial Age
48:22 Town Patrol
50:05 Bodkin Arrow
52:58 Conscription
53:34 Arson
53:50 Squires
54:10 Bracer
54:11 Padded Archer Armor
55:12 Blast Furnace
58:36 Chemistry
57:29 Cavalier
59:14 Leather Archer Armor
59:10 Capped Ram
Razzles
5:22 Loom
10:37 Feudal Age
11:49 Double-Bit Axe
15:07 Fletching
19:08 Castle Age
17:20 Horse Collar
19:16 Crossbowman
25:40 Ballistics
26:03 Gold Mining
28:45 Bow Saw
28:45 Stone Mining
30:54 Forging
31:10 Husbandry
34:11 Town Watch
35:27 Fervor
40:44 Imperial Age
39:35 Bodkin Arrow
41:52 Yeomen
42:46 Murder Holes
42:57 Siege Engineers
43:59 Squires
43:20 Pikeman
45:27 Town Patrol
49:13 Bracer
49:12 Halberdier
49:43 Arson
51:40 Conscription
52:31 Scale Mail Armor
52:32 Padded Archer Armor
54:31 Two-Man Saw
53:19 Elite Longbowman
54:19 Leather Archer Armor
56:19 Warwolf
58:27 Ring Archer Armor
59:53 Light Cavalry
61:11 Scale Barding Armor
Connection lost

Rejoining the realm…

Still unreachable

The connection could not be restored.

Session expired

The server has moved on; the page needs a fresh start.